 Dungeon Crawl Stone Soup version 0.30-a0-949-g53dc5368d7 (webtiles) character file.

Game seed: 7312522714118592396

507 MachoJfn the Chopper (level 6, -5/48 HPs)
             Began as a Demonspawn Berserker on Mar 27, 2023.
             Was a Priest of Trog.
             Killed from afar by an acid dragon (22 damage)
             ... with a splash of acid
             ... on level 4 of the Dungeon.
             The game lasted 00:10:36 (3827 turns).

MachoJfn the Chopper (Demonspawn Berserker)         Turns: 3827, Time: 00:10:36

Health: -5/48      AC:  8    Str: 19    XL:     6   Next: 97%
Magic:  6/6        EV: 12    Int: 11    God:    Trog [***...]
Gold:   142        SH:  4    Dex: 12    Spells: 5/5 levels left

rFire   . . .      SeeInvis .    a - +3 hand axe
rCold   . . .      Faith    .    (no shield)
rNeg    . . .      Spirit   .    b - +0 animal skin
rPois   +          Reflect  .    (no helmet)
rElec   .          Rampage  .    m - +0 cloak
rCorr   .                        (no gloves)
Will    ++...                    d - +0 pair of boots
Stlth   ++                       (no amulet)
HPRegen 1.28/turn                k - ring of poison resistance
MPRegen 0.10/turn                (no ring)

@: strong-willed, on berserk cooldown, regenerating, slowed, very slow
A: icemail 1, big brain 1, condensation shield
a: Renounce Religion, Berserk, Trog's Hand


You were on level 4 of the Dungeon.
You worshipped Trog.
Trog was most pleased with you.
You visited 1 branch of the dungeon, and saw 4 of its levels.

You collected 142 gold pieces.

Inventory:

Hand Weapons
 a - a +3 hand axe (weapon)
 o - a +4 war axe
Missiles
 h - 26 stones (quivered)
 n - 6 poisoned darts
Armour
 b - a +0 animal skin (worn)
 d - a +0 pair of boots (worn)
 m - a +0 cloak (worn)
Jewellery
 k - a ring of poison resistance (left hand)
Scrolls
 c - a scroll of teleportation
 e - 4 scrolls of torment
 i - 2 scrolls of identify
 j - a scroll of magic mapping
 l - a scroll of immolation
Potions
 f - a potion of mutation
 g - 2 potions of cancellation {unknown}
 p - a potion of curing


   Skills:
 + Level 4.0 Fighting
 + Level 5.3 Axes
 + Level 0.7 Ranged Weapons
 + Level 0.3 Throwing
 + Level 1.8 Armour
 + Level 3.3 Dodging
 + Level 1.9 Stealth
 + Level 1.2 Shields


You had 5 spell levels left.
You didn't know any spells.
Your spell library contained the following spells:

 Spells                   Type           Power      Damage    Failure   Level
 Ensorcelled Hibernation  Hex/Ice        0%         N/A       47%         2
 Spider Form              Tmut/Pois      0%         N/A       71%         3
 Anguish                  Hex/Necr       0%         N/A       98%         4


Dungeon Overview and Level Annotations

Branches:
Dungeon (4/15)
 Temple: D:4-7

Altars:
Cheibriados
Okawaru


Innate Abilities, Weirdness & Mutations

A meltable icy envelope protects you from harm. (AC +4)
You have an unusually large brain. (Int +2)
A meltable shield of frost defends you. (SH +4)


Message History

The scorpion poisons you!
You hit the scorpion but do no damage.
The scorpion is moderately wounded.
You feel very sick.
The scorpion stings you but does no damage.
You slash the scorpion!
The scorpion is severely wounded.
You feel very sick. The scorpion stings you.
* * * LOW HITPOINT WARNING * * *
You feel better.
The scorpion stings you but does no damage.
A red film seems to cover your vision as you go berserk!
You feel yourself moving faster!
You feel mighty!
The scorpion stings you but does no damage.
The scorpion closely misses you.
You slash the scorpion!
You kill the scorpion!
Trog accepts your kill.
You slash the worm!
The worm is heavily wounded.
You slash the worm!
You kill the worm!
Trog accepts your kill.
There is an open door here.
You feel a strong urge to attack something.
You are no longer berserk.
You are exhausted.
You feel yourself slow down.
You open the door.
An acid dragon is nearby!
Your skin crawls.
You feel strong-willed. The acid dragon bites you.
The acid dragon barely misses you.
You slash the acid dragon!
The acid dragon is moderately wounded.
The acid dragon closely misses you. The acid dragon misses you.
The acid dragon spits acid at you. The splash of acid hits you!!
You die...

...................#######...###.
......##...†#......'.....#...#...
......##....#..##..#.)...#.[.....
.#..####....#..##..#.)#..#..8....
...####.....#......#.))..#.......
.#.#.#......#......#.))†.#.......
##..........###########'##......#
............#..D...#....#......##
##.######...#..#@#.#....#.......#
*,,#***#...###+#...'....#........
**,,.,*##..#.#[#####....#......##
*,,*#..#.....###...######..#...#.
,,,#.....#......##..#**#...#.....
*,*#..#........####.#*,...,#.....
*,,##,#....##...)##.#,,...###....
,,,,#.......####....#,,,..###....
****########* ##########...#...#


You could see an acid dragon (catching breath).

Vanquished Creatures
  A water moccasin (D:4)
  A phantom (D:4)
  A scorpion (D:4)
  A sleepcap (D:4)
  An iguana (D:4)
  2 orc wizards
  5 adders
  An ufetubus (D:4)
  2 worms
  4 dart slugs
  10 orcs
  6 ball pythons
  11 endoplasms
  4 giant cockroaches
  6 goblins
  11 hobgoblins
  2 quokkas
  4 bats (D:1)
  2 frilled lizards
  6 kobolds
  5 rats
86 creatures vanquished.

Notes
Turn   | Place    | Note
-------+----------+-------------------------------------------
     0 | D:1      | MachoJfn the Demonspawn Berserker began the quest for the
                  | Orb.
     0 | D:1      | Reached XP level 1. HP: 18/18 MP: 1/1
   172 | D:1      | Reached skill level 3 in Axes
   172 | D:1      | Gained mutation: A meltable shield of frost defends you.
                  | (SH +4) [demonic ancestry]
   172 | D:1      | Reached XP level 2. HP: 24/24 MP: 2/2
  1150 | D:2      | Reached ** piety under Trog
  1151 | D:2      | Gained mutation: A meltable icy envelope protects you from
                  | harm. (AC +4) [demonic ancestry]
  1151 | D:2      | Reached XP level 3. HP: 22/29 MP: 3/3
  1735 | D:2      | Reached XP level 4. HP: 26/35 MP: 4/4
  1761 | D:2      | Reached skill level 1 in Stealth
  2344 | D:2      | You fall into a shaft and drop 1 floor!
  2696 | D:3      | Found a snail-covered altar of Cheibriados.
  3427 | D:4      | Reached XP level 5. HP: 41/41 MP: 5/5
  3437 | D:4      | Noticed a water moccasin
  3452 | D:4      | Killed a water moccasin
  3453 | D:4      | Reached skill level 4 in Axes
  3453 | D:4      | Reached skill level 1 in Shields
  3499 | D:4      | Found an iron altar of Okawaru.
  3582 | D:4      | Gained mutation: You have an unusually large brain. (Int
                  | +2) [demonic ancestry]
  3582 | D:4      | Reached XP level 6. HP: 30/48 MP: 6/6
  3747 | D:4      | Noticed an acid dragon
  3764 | D:4      | Reached *** piety under Trog
  3795 | D:4      | Reached skill level 5 in Axes
  3827 | D:4      | Killed from afar by an acid dragon

Illustrated notes

Levels and vault maps discovered:
D:1:      erik_arrival_triangle_large, layout_loops_ring,
          hangedman_decor_lopped, kennysheep_crisscross
D:2:      layout_loops_corners
D:3:      layout_basic, cheibriados_altar_1
D:4:      minmay_clustersquares, layout_cave_pools,
          nicolae_tso_carved_into_rock, nicolae_overflow_crystal_walls,
          serial_column_ruins, column_ruins_grid_2,
          column_ruins_corridor_straight, column_ruins_open_medium,
          column_ruins_open_small

Skill      XL: |  1  2  3  4  5  6 |
---------------+-------------------+-----
Axes           | 3 4 5 |  5.3
Dodging        | 2 3 |  3.3
Stealth        | 1 |  1.9
Shields        | 1 |  1.2
Fighting       | 4 |  4.0
Ranged Weapons | |  0.7
Throwing       | |  0.3
Armour         | |  1.8

Action                     |  1- 3 |  4- 6 || total
---------------------------+-------+-------++-------
  Melee: Hand axe          |   133 |   152 ||   285
         Punch             |     2 |       ||     2
   Fire: Sling             |     2 |       ||     2
  Throw: Stone             |     1 |     5 ||     6
 Invoke: Berserk           |     1 |     3 ||     4
         Trog's Hand       |       |     2 ||     2
    Use: Potion            |     3 |     2 ||     5
         Scroll            |     2 |    11 ||    13
   Stab: Sleeping          |     3 |     2 ||     5
 Armour: Animal skin       |    45 |    65 ||   110
  Dodge: Dodged            |    98 |    96 ||   194
  Block: Other             |    19 |    23 ||    42

Table legend: (Time is in decaauts)
 A = Elapsed time spent in this place.
 B = Non-inter-level travel time spent in this place.
 C = Inter-level travel time spent in this place.
 D = Time resting spent in this place.
 E = Time spent auto-exploring this place.
 F = Levels seen in this place.
 G = Mean time per level.
                   A        B        C        D        E       F      G
               +--------+--------+--------+--------+--------+-----+--------+
         Total |   3882 |   3340 |    542 |    653 |   1911 |   4 |  970.5 |
       Dungeon |   3882 |   3340 |    542 |    653 |   1911 |   4 |  970.5 |
               +--------+--------+--------+--------+--------+-----+--------+

Top non-repeatable levels by time:
     D:2: 1406 daAuts
     D:1: 970 daAuts
     D:3: 858 daAuts
     D:4: 648 daAuts
